 Dungeon Crawl Stone Soup version bcrawl-1.36.4 (webtiles) character file.

Game seed: 1180831957110131620

312494 Darthill6464 the Spear-Bearer (level 10, 0/59 HPs)
             Began as a Skeleton Skald on Aug 10, 2022.
             Was a Priest of Qazlal.
             Slain by a hippogriff (3 damage)
             ... on level 8 of the Dungeon.
             The game lasted 00:15:07 (8286 turns).

Darthill6464 the Spear-Bearer (Skeleton Skald)      Turns: 8286, Time: 00:15:07

Health: 0/59       AC:  7    Str: 21    XL:     10   Next: 35%
Magic:  0/23       EV: 12    Int: 15    God:    Qazlal [***...]
Gold:   587        SH:  6    Dex:  8    Spells: 16/28 levels left

rFire    . . .     SeeInvis .   s - +0 glaive
rCold    + . .     Gourm    .   (shield currently unavailable)
rNeg     + + +     Faith    .   b - +0 leather armour
rPois    ∞         Spirit   +   k - +0 helmet
rElec    .         Reflect  .   w - +0 cloak
rCorr    .                      l - +0 pair of gloves
MR       +....                  u - +0 pair of boots
Stlth    +.........             d - amulet of magic regeneration
HPRegen  0.19/turn              o - +3 ring of intelligence
MPRegen  0.40/turn              (no ring)

@: singing
A: no food or potions, cold resistance 1, deterioration 1, negative energy
resistance 3, powered by death 1, torment resistance, unbreathing, magic shield,
sturdy frame 2, spell healing
a: Upheaval, Elemental Force, Renounce Religion


You were on level 8 of the Dungeon.
You worshipped Qazlal.
Qazlal was most pleased with you.
You were not hungry.

You visited 2 branches of the dungeon, and saw 9 of its levels.
You also visited: Ossuary.

You collected 587 gold pieces.

Inventory:

Hand Weapons
 a - a +0 trident
 s - a +0 glaive (weapon)
 x - a cursed +0 halberd
Armour
 b - a +0 leather armour (worn)
 k - a +0 helmet (worn)
 l - a +0 pair of gloves (worn)
 u - a +0 pair of boots (worn)
 w - a +0 cloak (worn)
 z - a +2 cloak
Jewellery
 d - an amulet of magic regeneration (around neck)
 o - a +3 ring of intelligence (left hand)
Wands
 q - a wand of disintegration (12)
 r - a wand of iceblast (6)
 v - a wand of charming (10)
 y - a wand of acid (3)
Scrolls
 c - 3 scrolls of blinking
 e - 2 scrolls of fear
 f - 4 scrolls of amnesia
 g - 4 scrolls of teleportation
 h - 6 scrolls of remove curse
 i - 5 scrolls of identify
 j - a scroll of noise
 m - 3 scrolls of fog {unknown}
 n - 2 scrolls of enchant armour {unknown}
 p - a scroll of magic mapping {unknown}
 t - a scroll of immolation {unknown}


   Skills:
 + Level 5.2 Fighting
 + Level 10.0 Polearms
 + Level 1.1 Armour
 + Level 4.1 Dodging
 + Level 3.0 Stealth
 + Level 9.6 Spellcasting
 + Level 1.0 Conjurations
 + Level 4.5 Hexes
 + Level 7.7 Charms
 + Level 2.4 Ice Magic
 + Level 1.4 Air Magic
 + Level 2.2 Poison Magic


You had 16 spell levels left.
You knew the following spells:

 Your Spells              Type           Power        Failure   Level  Hunger
a - Infusion              Chrm           ####....     1%          1    N/A
b - Song of Slaying       Chrm           ####....     1%          2    N/A
c - Spectral Weapon       Hex/Chrm       ####....     2%          3    N/A
d - Ozocubu's Armour      Chrm/Ice       ###.....     3%          3    N/A
e - Mephitic Cloud        Conj/Pois/Air  ##......     16%         3    N/A

Your spell library contained the following spells:

 Spells                   Type           Power        Failure   Level  Hunger
 Swiftness                Chrm/Air       ###.....     2%          2    N/A
 Magic Dart               Conj           ##..         7%          1    N/A
 Blink                    Tloc           N/A          16%         2    N/A
 Call Imp                 Summ           #.....       16%         2    N/A
 Conjure Flame            Conj/Fire      #.......     26%         3    N/A
 Regeneration             Chrm/Necr      Unusable     N/A         3    N/A
 Spider Form              Tmut/Pois      Unusable     N/A         3    N/A

Dungeon Overview and Level Annotations

Branches:
Dungeon (8/12)             Temple (1/1) D:4            Lair (0/6) D:7
    Orc: D:8-11

Altars:
Cheibriados
Dithmenos
Elyvilon
Gozag
Kikubaaqudgha
Lugonu
Nemelex Xobeh
Okawaru
Qazlal
Sif Muna
Trog
Xom
Yredelemnul
The Shining One

Shops:
D:8 ![

Annotations:
D:5 2 transporters


Innate Abilities, Weirdness & Mutations

You do not eat or drink.
You are immune to poison.
Your flesh is cold resistant. (rC+)
Your body sometimes deteriorates upon taking damage.
You are immune to negative energy. (rN+++)
You regenerate a little health from kills.
You are immune to unholy pain and torment.
You can survive without breathing.
When hurt, damage is shared between your health and your magic reserves.
Your movements are less encumbered by armour. (ER -4)
Casting spells heals you.


Message History

You hit the hippogriff.
The hippogriff is moderately wounded.
A bullfrog skeleton comes into view.
The hippogriff misses you. The hippogriff pecks you. The hippogriff claws you.
You slash the two-headed ogre!
The two-headed ogre is lightly wounded.
You hear a shout!
You block the hippogriff's attack. The hippogriff barely misses you.
You block the hippogriff's attack.
The two-headed ogre mumbles something.
The two-headed ogre hits you with a +0 giant club!
The two-headed ogre hits you with a +0 giant spiked club!
* * * LOW HITPOINT WARNING * * *
The orc wizard looks satisfied for a moment.
You hit the two-headed ogre but do no damage.
The two-headed ogre is lightly wounded.
You block the hippogriff's attack. The hippogriff pecks you.
* * * LOW HITPOINT WARNING * * *
The hippogriff claws you.
You die...

............# ####..... ..# ###
##....>.....' '........###+###
............# ###...............
.....###....# #.................
............####.#...............
##..≈≈...#.........+#...#........
##..≈≈≈..####......+....#......[.
##....≈.....(..§°O.#....#'###....
.)_............#@H.o....... #....
...(............§Z#o....... #....
.........####.....#.....≈.. #....
....≈....####.....#...≈≈≈.. #....
#..........##.....#..≈o≈... #....
...........##.....#...≈≈o.. #....
...........##.....#..≈≈oo..
....##.....##...≈..........
....##................?...o


You could see a two-headed ogre (confused), a hippogriff, an orc wizard, an orc
and a bullfrog skeleton.

Vanquished Creatures
  Pikel (D:7)
  An elephant (D:7)
  A dryad (D:7)
  Prince Ribbit (D:6)
  3 hippogriffs
  A yak (D:7)
  Eustachio (D:4)
  A hungry ghost (D:8)
  A water moccasin (D:3)
  An ice beast (D:6)
  A phantom (D:8)
  2 sky beasts (D:6)
  3 ogres
  3 black bears
  5 bullfrogs
  A kobold brigand (D:6)
  Blork the orc (D:6)
  3 elf zombies (Ossuary)
  A centaur (D:4)
  A killer bee (D:7)
  A statue (D:7)
  5 wights (D:7)
  An electric eel (D:8)
  An orc priest (D:8)
  A howler monkey (D:6)
  5 crimson imps
  A human zombie (Ossuary)
  A jelly (D:8)
  Crazy Yiuf (D:6)
  3 hounds
  3 orc wizards
  5 iguanas
  5 worker ants
  A hound skeleton (D:5)
  2 mummies (Ossuary)
  Robin (D:3)
  3 gnolls (D:6)
  6 adders
  An ooze (D:3)
  An adder zombie (Ossuary)
  5 worms
  2 dart slugs
  A leopard gecko (D:2)
  6 orcs
  9 bats
  4 giant cockroaches
  13 goblins
  11 hobgoblins
  5 jackals
  6 quokkas
  2 ball pythons
  4 frilled lizards
  A goblin zombie (Ossuary)
  6 hobgoblin zombies (Ossuary)
  A jackal zombie (Ossuary)
  12 kobolds
  12 kobold zombies (Ossuary)
  11 orc zombies (Ossuary)
  4 rats
  4 spectral weapons
200 creatures vanquished.

Vanquished Creatures (others)
  4 spectral weapons
4 creatures vanquished.

Grand Total: 204 creatures vanquished

Notes
Turn   | Place    | Note
-------+----------+-------------------------------------------
     0 | D:1      | Darthill6464 the Skeleton Skald began the quest for the
                  | Orb.
     0 | D:1      | Reached XP level 1. HP: 12/12 MP: 4/4
   220 | D:1      | Reached XP level 2. HP: 12/17 MP: 6/6
  1074 | D:2      | Reached skill level 3 in Polearms
  1074 | D:2      | Reached XP level 3. HP: 21/21 MP: 8/8
  1077 | D:2      | Learned a level 2 spell: Song of Slaying
  1081 | D:2      | Learned a level 3 spell: Spectral Weapon
  1514 | D:2      | Found a shadowy altar of Dithmenos.
  2506 | D:3      | Reached XP level 4. HP: 26/26 MP: 5/9
  2581 | D:3      | Found a shimmering altar of Xom.
  2582 | D:3      | Found a shimmering altar of Xom.
  2586 | D:3      | Found a shimmering altar of Xom.
  2603 | D:3      | Found a shimmering altar of Xom.
  2659 | D:3      | Noticed a water moccasin
  2673 | D:3      | Killed a water moccasin
  2674 | D:3      | Reached skill level 4 in Polearms
  2674 | D:3      | Reached skill level 1 in Stealth
  2674 | D:3      | Reached skill level 1 in Hexes
  2674 | D:3      | Reached XP level 5. HP: 8/30 MP: 2/11
  2796 | D:3      | Found a sparkling altar of Nemelex Xobeh.
  3083 | D:3      | Noticed Robin
  3098 | D:3      | Killed Robin
  3175 | D:3      | Learned a level 3 spell: Ozocubu's Armour
  3684 | D:4      | Gained mutation: You regenerate a little health from kills.
                  | [Skeleton growth]
  3684 | D:4      | Reached XP level 6. HP: 36/36 MP: 7/12
  4060 | D:4      | Reached skill level 1 in Ice Magic
  4078 | D:4      | Found a staircase to the Ecumenical Temple.
  4094 | Temple   | Entered the Ecumenical Temple
  4195 | Temple   | Became a worshipper of Qazlal Stormbringer
  4331 | D:4      | Noticed Eustachio
  4339 | D:4      | Killed Eustachio
  4340 | D:4      | Reached skill level 5 in Spellcasting
  4340 | D:4      | Reached skill level 5 in Charms
  4340 | D:4      | Reached XP level 7. HP: 34/40 MP: 9/14
  4754 | D:5      | Entered Level 5 of the Dungeon
  4778 | D:5      | Found a sand-covered staircase.
  4785 | D:5      | Noticed a hippogriff
  4808 | D:5      | Killed a hippogriff
  4809 | D:5      | Reached skill level 5 in Polearms
  4822 | Ossuary  | Entered an ossuary
  4991 | Ossuary  | Reached * piety under Qazlal
  5116 | Ossuary  | Reached XP level 8. HP: 46/46 MP: 17/17
  5132 | Ossuary  | Reached skill level 6 in Polearms
  5474 | D:5      | Found a transporter.
  5491 | D:5      | Found a transporter.
  5646 | D:5      | Reached skill level 7 in Polearms
  6039 | D:6      | Noticed Prince Ribbit
  6056 | D:6      | Killed Prince Ribbit
  6162 | D:6      | Reached ** piety under Qazlal
  6175 | D:6      | Learned a level 3 spell: Mephitic Cloud
  6212 | D:6      | Reached skill level 8 in Polearms
  6219 | D:6      | Reached XP level 9. HP: 52/52 MP: 14/20
  6344 | D:6      | Reached skill level 1 in Air Magic
  6387 | D:6      | Noticed Blork the orc
  6393 | D:6      | Killed Blork the orc
  6887 | D:6      | Found a runed door.
  6946 | D:6      | Noticed Crazy Yiuf
  6950 | D:6      | Killed Crazy Yiuf
  7041 | D:7      | Found a staircase to the Lair.
  7041 | D:7      | Noticed an elephant
  7050 | D:7      | Killed an elephant
  7066 | D:7      | Noticed a dryad
  7077 | D:7      | Reached skill level 9 in Polearms
  7081 | D:7      | Killed a dryad
  7088 | D:7      | Found a bloodstained altar of Trog.
  7094 | D:7      | Noticed Pikel
  7095 | D:7      | Reached skill level 1 in Poison Magic
  7102 | D:7      | Gained mutation: Your movements are less encumbered by
                  | armour. (ER -4) [Skeleton growth]
  7102 | D:7      | Reached XP level 10. HP: 8/58 MP: 3/23
  7103 | D:7      | Killed Pikel
  7104 | D:7      | Reached skill level 5 in Fighting
  7471 | D:7      | Found a glowing golden altar of the Shining One.
  7972 | D:8      | Reached *** piety under Qazlal
  7974 | D:8      | Found Matre's Antique Armour Shop.
  8031 | D:8      | Reached skill level 10 in Polearms
  8031 | D:8      | Reached skill level 1 in Conjurations
  8127 | D:8      | Found Othuanas's Distillery.
  8213 | D:8      | Found a white marble altar of Elyvilon.
  8276 | D:8      | Noticed a two-headed ogre
  8286 | D:8      | Slain by a hippogriff

Skill      XL: |  1  2  3  4  5  6  7  8  9 10 |
---------------+-------------------------------+-----
Polearms       | 3 4 5 8 9 10 | 10.0
Charms         | 4 5 6 7 |  7.7
Stealth        | 1 2 3 |  3.0
Spellcasting   | 4 5 6 7 9 |  9.6
Hexes          | 1 2 3 4 |  4.5
Ice Magic      | 1 2 |  2.4
Dodging        | 3 4 |  4.1
Fighting       | 3 4 5 |  5.2
Air Magic      | 1 |  1.4
Poison Magic   | 1 2 |  2.2
Conjurations   | 1 |  1.0
Armour         | |  1.1

Action                   |  1- 3 |  4- 6 |  7- 9 | 10-12 || total
-------------------------+-------+-------+-------+-------++-------
Melee: Trident           |   152 |    97 |     4 |       ||   253
       Glaive            |       |       |   216 |    53 ||   269
 Cast: Infusion          |    16 |       |     3 |     2 ||    21
       Spectral Weapon   |    16 |    18 |    28 |     9 ||    71
       Song of Slaying   |     2 |    10 |    21 |     7 ||    40
       Ozocubu's Armour  |       |     1 |     1 |     2 ||     4
       Mephitic Cloud    |       |       |     1 |     5 ||     6
  Use: Scroll            |       |       |     6 |       ||     6
 Stab: Sleeping          |     1 |       |       |       ||     1
       Distracted        |       |       |     1 |     1 ||     2
Armor: Leather armour    |    26 |    21 |    46 |    11 ||   104
Dodge: Dodged            |    71 |    70 |    79 |    31 ||   251
Block: Other             |       |    11 |    30 |    13 ||    54
